MLB
BALTIMORE ORIOLES @ BOSTON RED SOX
05/05/2042
 
TOP OF THE 1ST
Baltimore Orioles batting - Pitching for Boston Red Sox : RHP Steve Lindsey
Pitching: RHP Steve Lindsey
Batting: RHB Jon Hughes 0-0: Foul Ball, location: 9LSF
0-1: Foul Ball, location: 25FF
0-2: Ball
1-2: Foul Ball, location: 2F
1-2: Foul Ball, location: 3FF
1-2: Foul Ball, location: 2F
1-2: Ball
2-2: Ball
3-2: Foul Ball, location: 3FF
3-2: SINGLE (Groundball, 34S, EV 70.6 MPH) (infield hit)
Batting: RHB Joe Cavanagh 0-0: Ball
1-0: Called Strike
Jon Hughes steals 2nd base
1-1: Fly out, F8 (Flyball, 8RXD, EV 87.5 MPH)
Runner from 2nd tags up, SAFE at 3rd, no throw by CF
Batting: LHB Juan Jose Cabrera 0-0: Ball
1-0: Ball
2-0: Called Strike
2-1: Ball
3-1: Foul Ball, location: 2F
3-2: Fly out, F5 (Popup, 5S, EV 81.9 MPH)
Batting: RHB Kratukarana Multani 0-0: Ball
1-0: Ball
2-0: Called Strike
2-1: Ball
3-1: Foul Ball, location: 23F
3-2: Foul Ball, location: 9LMF
3-2: Base on Balls
Batting: LHB Samad Beybukov 0-0: Ground out 4-3 (Groundball, 4S, EV 77.5 MPH)
Top of the 1st over - 0 runs, 1 hit, 0 errors, 2 left on base; Baltimore 0 - Boston 0
BOTTOM OF THE 1ST
Boston Red Sox batting - Pitching for Baltimore Orioles : RHP José Durán
Pitching: RHP José Durán
Batting: LHB Erwin Broomhead 0-0: Foul Ball, location: 2F
0-1: Ball
1-1: Ground out U3 (Groundball, 3, EV 101.3 MPH)
Batting: RHB Juan Ávila 0-0: Ball
1-0: Foul Ball, location: 2F
1-1: Swinging Strike
1-2: Fly out, F8 (Flyball, 8LS, EV 86.3 MPH)
Batting: LHB Abel Scott 0-0: Called Strike
0-1: Foul Ball, location: 2F
0-2: Ball
1-2: Ground out 6-3 (Groundball, 6S, EV 86.3 MPH)
Bottom of the 1st over - 0 runs, 0 hits, 0 errors, 0 left on base; Baltimore 0 - Boston 0
TOP OF THE 2ND
Baltimore Orioles batting - Pitching for Boston Red Sox : RHP Steve Lindsey
Batting: RHB Mikolas Polansky 0-0: Ball
1-0: Foul Ball, location: 2F
1-1: Ball
2-1: Foul Ball, location: 5FF
2-2: Strikes out looking
Batting: RHB Sean Manley 0-0: Ball
1-0: Ball
2-0: DOUBLE (Flyball, 8RXD, EV 98.1 MPH)
Batting: RHB Remigio Aguilar 0-0: Swinging Strike
0-1: Ball
1-1: Ground out 6-3 (Groundball, 6, EV 108.1 MPH)
Sean Manley to third
Batting: SHB Nelson Jiménez 0-0: Foul Ball, location: 5FF
0-1: Called Strike
0-2: Ball
1-2: Strikes out swinging
Top of the 2nd over - 0 runs, 1 hit, 0 errors, 1 left on base; Baltimore 0 - Boston 0
BOTTOM OF THE 2ND
Boston Red Sox batting - Pitching for Baltimore Orioles : RHP José Durán
Batting: SHB Víctor Martínez 0-0: Ball
1-0: Called Strike
1-1: Fly out, F4 (Line Drive, 4, EV 66.9 MPH)
Batting: RHB José Morales 0-0: Swinging Strike
0-1: Ball
1-1: Swinging Strike
1-2: Strikes out swinging
Batting: RHB Joe Hunt 0-0: Called Strike
0-1: Swinging Strike
0-2: Ball
1-2: Foul Ball, location: 2F
1-2: Ball
2-2: Ball
3-2: Foul Ball, location: 2F
3-2: Fly out, F8 (Line Drive, 8RD, EV 93.8 MPH)
Bottom of the 2nd over - 0 runs, 0 hits, 0 errors, 0 left on base; Baltimore 0 - Boston 0
TOP OF THE 3RD
Baltimore Orioles batting - Pitching for Boston Red Sox : RHP Steve Lindsey
Batting: RHB Jon Hughes 0-0: SINGLE (Line Drive, 34, EV 100.6 MPH)
Batting: RHB Joe Cavanagh 0-0: Called Strike
Jon Hughes steals 2nd base
0-1: Ball
1-1: Ball
2-1: Ground out 5-3 (Groundball, 5S, EV 85.0 MPH)
Jon Hughes to third
Batting: LHB Juan Jose Cabrera 0-0: Fly out, F2 (Popup, 25F, EV 89.4 MPH)
Batting: RHB Kratukarana Multani 0-0: Foul Ball, location: 2F
0-1: Called Strike
0-2: Ball
1-2: Strikes out swinging
Top of the 3rd over - 0 runs, 1 hit, 0 errors, 1 left on base; Baltimore 0 - Boston 0
BOTTOM OF THE 3RD
Boston Red Sox batting - Pitching for Baltimore Orioles : RHP José Durán
Batting: LHB Derek Orby 0-0: Called Strike
0-1: Ball
1-1: Ball
2-1: Bunted foul
2-2: Ball
3-2: Fly out, F6 (Popup, 6M, EV 33.1 MPH)
Batting: RHB Raúl Van Eaton 0-0: Swinging Strike
0-1: Swinging Strike
0-2: Ball
1-2: Strikes out looking
Batting: RHB Ignacio Villalobos 0-0: Foul Ball, location: 2F
0-1: SINGLE (Line Drive, 8RS, EV 105.0 MPH)
Batting: LHB Erwin Broomhead 0-0: Ball
1-0: DOUBLE (Line Drive, 7LM, EV 99.4 MPH)
Ignacio Villalobos to third
Batting: RHB Juan Ávila 0-0: Foul Ball, location: 5SF
0-1: Ball
1-1: Ball
2-1: Foul Ball, location: 2F
2-2: Ground out 4-3 (Groundball, 34, EV 88.1 MPH)
Bottom of the 3rd over - 0 runs, 2 hits, 0 errors, 2 left on base; Baltimore 0 - Boston 0
TOP OF THE 4TH
Baltimore Orioles batting - Pitching for Boston Red Sox : RHP Steve Lindsey
Batting: LHB Samad Beybukov 0-0: Ball
1-0: Swinging Strike
1-1: Foul Ball, location: 2F
1-2: Fly out, F8 (Flyball, 8RD, EV 91.9 MPH)
Batting: RHB Mikolas Polansky 0-0: Called Strike
0-1: Ground out 1-3 (Groundball, 13S, EV 65.0 MPH)
Batting: RHB Sean Manley 0-0: Foul Ball, location: 9LSF
0-1: Ball
1-1: Ball
2-1: Ball
3-1: Swinging Strike
3-2: Ground out 6-3 (Groundball, 6, EV 93.1 MPH)
Top of the 4th over - 0 runs, 0 hits, 0 errors, 0 left on base; Baltimore 0 - Boston 0
BOTTOM OF THE 4TH
Boston Red Sox batting - Pitching for Baltimore Orioles : RHP José Durán
Batting: LHB Abel Scott 0-0: Ball
1-0: DOUBLE (Flyball, 8RXD, EV 93.1 MPH)
Batting: SHB Víctor Martínez 0-0: Swinging Strike
0-1: Foul Ball, location: 25FF
0-2: Ground out 4-3 (Groundball, 4, EV 101.3 MPH)
Abel Scott to third
Batting: RHB José Morales 0-0: Ball
1-0: Ball
2-0: Ball
3-0: Called Strike
3-1: Swinging Strike
3-2: SINGLE (Groundball, 56S, EV 73.8 MPH) (infield hit)
Abel Scott scores
Batting: RHB Joe Hunt 0-0: SINGLE (Popup, 6D, EV 63.8 MPH)
José Morales to second
Batting: LHB Derek Orby 0-0: Called Strike
0-1: 3-RUN HOME RUN (Line Drive, 7D, EV 108.1 MPH), Distance : 432 ft
Batting: RHB Raúl Van Eaton 0-0: Swinging Strike
0-1: Ball
1-1: Ball
2-1: Foul Ball, location: 2F
2-2: Strikes out swinging
Batting: RHB Ignacio Villalobos 0-0: Called Strike
0-1: SINGLE (Groundball, 34D, EV 103.1 MPH)
Batting: LHB Erwin Broomhead 0-0: Ball
1-0: SINGLE (Line Drive, 4M, EV 103.8 MPH)
Ignacio Villalobos to second
Batting: RHB Juan Ávila 0-0: Swinging Strike
0-1: Foul Ball, location: 2F
0-2: Fly out, F8 (Line Drive, 8LD, EV 92.5 MPH)
Bottom of the 4th over - 4 runs, 6 hits, 0 errors, 2 left on base; Baltimore 0 - Boston 4
TOP OF THE 5TH
Baltimore Orioles batting - Pitching for Boston Red Sox : RHP Steve Lindsey
Batting: RHB Remigio Aguilar 0-0: Foul Ball, location: 2F
0-1: Ball
1-1: Ball
2-1: Called Strike
2-2: Ball
3-2: Reached on error, E6 (Groundball, 6, EV 83.1 MPH)
Batting: SHB Nelson Jiménez 0-0: Ball
Remigio Aguilar steals 2nd base
1-0: Ball
2-0: Ground out 5-3 (Groundball, 25, EV 83.1 MPH)
Batting: RHB Jon Hughes 0-0: Called Strike
0-1: Ball
1-1: Ground out 4-3 (Groundball, 4, EV 101.3 MPH)
Remigio Aguilar to third
Batting: RHB Joe Cavanagh 0-0: Called Strike
0-1: Called Strike
0-2: Strikes out swinging
Top of the 5th over - 0 runs, 0 hits, 1 error, 1 left on base; Baltimore 0 - Boston 4
BOTTOM OF THE 5TH
Boston Red Sox batting - Pitching for Baltimore Orioles : RHP José Durán
Batting: LHB Abel Scott 0-0: Ball
1-0: Foul Ball, location: 7LDF
1-1: Ground out 5-3 (Groundball, 56, EV 102.5 MPH)
Batting: SHB Víctor Martínez 0-0: DOUBLE (Line Drive, 9LD, EV 99.4 MPH)
Batting: RHB José Morales 0-0: Ball
1-0: Ball
Víctor Martínez steals 3rd base
2-0: Ball
3-0: Called Strike
3-1: Ground out 6-3 (Groundball, 6, EV 79.4 MPH)
Víctor Martínez scores
Batting: RHB Joe Hunt 0-0: Ball
1-0: Ball
2-0: SINGLE (Groundball, 4MS, EV 86.9 MPH) (infield hit)
Pitching: RHP Juan Juárez
Batting: LHB Derek Orby 0-0: Called Strike
Pickoff Throw to First - Out! 1-3
Bottom of the 5th over - 1 run, 2 hits, 0 errors, 0 left on base; Baltimore 0 - Boston 5
TOP OF THE 6TH
Baltimore Orioles batting - Pitching for Boston Red Sox : RHP Steve Lindsey
Batting: LHB Juan Jose Cabrera 0-0: Called Strike
0-1: Swinging Strike
0-2: Ball
1-2: Strikes out swinging
Batting: RHB Kratukarana Multani 0-0: Foul Ball, location: 2F
0-1: Ball
1-1: Called Strike
1-2: Ball
2-2: Foul Ball, location: 9LMFF
2-2: Foul Ball, location: 5FF
2-2: Ball
3-2: Foul Ball, location: 2F
3-2: Strikes out looking
Batting: LHB Samad Beybukov 0-0: Ball
1-0: Called Strike
1-1: Ball
2-1: Ball
3-1: SOLO HOME RUN (Flyball, 9LD, EV 95.6 MPH), Distance : 338 ft
Batting: RHB Mikolas Polansky 0-0: Ball
1-0: Called Strike
1-1: Foul Ball, location: 9LMF
1-2: Ball
2-2: Ball
3-2: Ground out 6-3 (Groundball, 6, EV 98.8 MPH)
Top of the 6th over - 1 run, 1 hit, 0 errors, 0 left on base; Baltimore 1 - Boston 5
BOTTOM OF THE 6TH
Boston Red Sox batting - Pitching for Baltimore Orioles : RHP Juan Juárez
Batting: LHB Derek Orby 0-0: Called Strike
0-1: Ground out 6-3 (Groundball, 6M, EV 109.4 MPH)
Batting: RHB Raúl Van Eaton 0-0: Ball
1-0: Ball
2-0: Called Strike
2-1: Foul Ball, location: 5FF
2-2: Strikes out swinging
Batting: RHB Ignacio Villalobos 0-0: Called Strike
0-1: Called Strike
0-2: Ball
1-2: Ball
2-2: Foul Ball, location: 5F
2-2: Strikes out looking
Bottom of the 6th over - 0 runs, 0 hits, 0 errors, 0 left on base; Baltimore 1 - Boston 5
TOP OF THE 7TH
Baltimore Orioles batting - Pitching for Boston Red Sox : RHP Steve Lindsey
Pitching: RHP Raúl Chávez
Batting: RHB Sean Manley 0-0: Swinging Strike
0-1: Called Strike
0-2: Foul Ball, location: 25F
0-2: Strikes out swinging
Batting: RHB Remigio Aguilar 0-0: Ground out 1-3 (Groundball, 13, EV 64.4 MPH)
Batting: SHB Nelson Jiménez 0-0: Called Strike
0-1: Foul Ball, location: 7LMF
0-2: Ball
1-2: Foul Ball, location: 7LDF
1-2: Ball
2-2: Strikes out looking
Top of the 7th over - 0 runs, 0 hits, 0 errors, 0 left on base; Baltimore 1 - Boston 5
BOTTOM OF THE 7TH
Boston Red Sox batting - Pitching for Baltimore Orioles : RHP Juan Juárez
Batting: LHB Erwin Broomhead 0-0: Called Strike
0-1: Swinging Strike
0-2: Strikes out swinging
Batting: RHB Juan Ávila 0-0: Ball
1-0: Called Strike
1-1: Ball
2-1: Swinging Strike
2-2: SINGLE (Groundball, 3S, EV 54.4 MPH) (infield hit)
Batting: LHB Abel Scott 0-0: Ball
1-0: Foul Ball, location: 2F
1-1: Ball
2-1: Ball
3-1: Foul Ball, location: 2F
3-2: Base on Balls
Juan Ávila to second
Batting: SHB Víctor Martínez 0-0: Called Strike
0-1: Grounds into double play, 2-6-3 (Groundball, 2R, EV 65.6 MPH)
Bottom of the 7th over - 0 runs, 1 hit, 0 errors, 1 left on base; Baltimore 1 - Boston 5
TOP OF THE 8TH
Baltimore Orioles batting - Pitching for Boston Red Sox : RHP Raúl Chávez
Batting: RHB Jon Hughes 0-0: Foul Ball, location: 2F
0-1: Foul Ball, location: 9LSF
0-2: Fly out, F9 (Line Drive, 89M, EV 105.0 MPH)
Batting: RHB Joe Cavanagh 0-0: Ball
1-0: Called Strike
1-1: Swinging Strike
1-2: Ball
2-2: Ground out 3-1 (Groundball, 34, EV 98.1 MPH)
Batting: LHB Juan Jose Cabrera 0-0: Called Strike
0-1: Foul Ball, location: 2F
0-2: Strikes out looking
Top of the 8th over - 0 runs, 0 hits, 0 errors, 0 left on base; Baltimore 1 - Boston 5
BOTTOM OF THE 8TH
Boston Red Sox batting - Pitching for Baltimore Orioles : RHP Juan Juárez
Batting: RHB José Morales 0-0: Ground out 6-3 (Groundball, 6, EV 81.9 MPH)
Batting: RHB Joe Hunt 0-0: Ball
1-0: Ball
2-0: Ball
3-0: Base on Balls
Batting: LHB Derek Orby 0-0: Ball
1-0: Called Strike
1-1: Foul Ball, location: 7LSF
1-2: Ball
2-2: Ball
3-2: Base on Balls
Joe Hunt to second
Batting: RHB Raúl Van Eaton 0-0: Ball
1-0: Ball
2-0: Called Strike
2-1: SINGLE (Line Drive, 8LS, EV 95.0 MPH)
Joe Hunt to third
Derek Orby to second
Batting: RHB Ignacio Villalobos 0-0: SINGLE (Groundball, 34D, EV 95.0 MPH)
Joe Hunt scores
Derek Orby to third
Raúl Van Eaton to second
Batting: LHB Erwin Broomhead 0-0: Fly out, F4 (Popup, 4D, EV 54.4 MPH)
Batting: RHB Juan Ávila 0-0: Swinging Strike
0-1: Swinging Strike
0-2: Strikes out swinging
Bottom of the 8th over - 1 run, 2 hits, 0 errors, 3 left on base; Baltimore 1 - Boston 6
TOP OF THE 9TH
Baltimore Orioles batting - Pitching for Boston Red Sox : RHP Raúl Chávez
Batting: RHB Kratukarana Multani 0-0: Ball
1-0: Foul Ball, location: 3DF
1-1: Ball
2-1: Fly out, F6 (Popup, 15, EV 90.0 MPH)
Batting: LHB Samad Beybukov 0-0: Ball
1-0: Ball
2-0: Ball
3-0: Base on Balls
Batting: RHB Mikolas Polansky 0-0: Ball
1-0: Swinging Strike
1-1: Ball
2-1: Foul Ball, location: 9LMF
2-2: Strikes out swinging
Batting: RHB Sean Manley 0-0: Called Strike
0-1: Ground out 4-3 (Groundball, 4, EV 88.8 MPH)
Top of the 9th over - 0 runs, 0 hits, 0 errors, 1 left on base; Baltimore 1 - Boston 6
Wednesday, April 24th , 2024 - OOTP Baseball 24.10 Build 82